 Dungeon Crawl Stone Soup version 0.31-a0-640-g39d97e502b (webtiles) character file.

Game seed: 7909287344731218530

2 GordonOverkill the Sneak (level 1, 0/11 HPs)
             Began as a Vine Stalker Delver on Aug 28, 2023.
             Slain by a white imp (2 damage)
             ... in the Ecumenical Temple.
             The game lasted 00:00:20 (34 turns).

GordonOverkill the Sneak (Vine Stalker Delver)        Turns: 34, Time: 00:00:20

Health: 0/11       AC:  3    Str: 14    XL:     1   Next: 30%
Magic:  0/2        EV: 11    Int: 10    God:
Gold:   0          SH:  0    Dex: 15    Spells: 0/0 levels left

rFire   . . .        a - +0 spear
rCold   . . .        (no shield)
rNeg    . . .        b - +0 leather armour
rPois   .            (no helmet)
rElec   .            (no cloak)
rCorr   .            (no gloves)
SInv    .            (no boots)
Will    .....        (no amulet)
Stlth   +++          (no ring)
HPRegen 0.21/turn    (no ring)
MPRegen 0.08/turn

%: guardian spirit
@: no status effects
A: fangs 2, magic shield, antimagic bite, no potion heal 2
a: no special abilities


You were in the Ecumenical Temple.
You visited 2 branches of the dungeon, and saw 3 of its levels.

Inventory:

Hand Weapons
 a - a +0 spear (weapon)
Armour
 b - a +0 leather armour (worn)
Wands
 g - a wand of digging (3)
Scrolls
 c - a scroll of fog
 d - a scroll of revelation
 e - a scroll of fear
 h - a scroll of noise {unknown}
Potions
 f - a potion of haste


   Skills:
 + Level 2.7 Fighting
 + Level 1.8 Polearms
 + Level 1.6 Dodging
 - Level 6.0 Stealth


You couldn't memorise any spells.
You didn't know any spells.
Your spell library was empty.

Dungeon Overview and Level Annotations

Branches:
Dungeon (6/15)             Temple (1/1) D:5

Altars:
Dithmenos
Fedhas
Makhleb
Qazlal
Uskayaw
Vehumet
Wu Jian
Yredelemnul
Zin


Innate Abilities, Weirdness & Mutations

You have extremely sharp teeth.
When hurt, damage is shared between your health and your magic reserves.
Your bite disrupts and absorbs the magic of your enemies.
Potions cannot restore your health.


Message History

No target in view!
Things that are here:
a +0 dagger; an orc corpse
Found an escape hatch in the ceiling.
Found a scroll labelled OCSOCO DUOSCHI.
There is an escape hatch in the ceiling here.
An iguana comes into view.
The iguana hisses angrily.
You see here a scroll labelled OCSOCO DUOSCHI.
You see here a scroll labelled OCSOCO DUOSCHI.
h - a scroll labelled OCSOCO DUOSCHI
There is an escape hatch in the ceiling here.
A mysterious force pulls you upwards. The hatch slams shut behind you.
The white imp shouts, "Take thy face hence, thou quaking swag-bellied dandiprat!"
Found a staircase to the Ecumenical Temple.
There is a staircase to the Ecumenical Temple here.
The white imp gestures at you. The puff of frost hits you.
* * * LOW HITPOINT WARNING * * *
You climb downwards.
Welcome to the Ecumenical Temple!
Found a staircase back to the Dungeon.
There is a staircase back to the Dungeon here.
You hit the white imp.
The white imp is lightly wounded.
The white imp hits you but does no damage.
You hit the white imp but do no damage.
The white imp is lightly wounded.
The white imp hits you.
* * * LOW HITPOINT WARNING * * *
The white imp freezes you.
* * * LOW HITPOINT WARNING * * *
You barely miss the white imp.
The white imp is lightly wounded.
The white imp closely misses you.
You hit the white imp but do no damage.
The white imp is lightly wounded.
The white imp hits you.
* * * LOW HITPOINT WARNING * * *
The white imp freezes you.
You die...

.##+##...# #++#++###
........+###..#..#
...8...++##...#..#
########.....##..#
+#...#+....####..#
+.._..+..### ##++###
#.....########8....#
+.....+......+....##
+.....+......+..@##
#..8..########.5##
#.....# #.## #######
###


You could see a white imp.

Vanquished Creatures
  An orc (D:6)
1 creature vanquished.

Notes
Turn   | Place    | Note
-------+----------+-------------------------------------------
     0 | D:5      | GordonOverkill the Vine Stalker Delver began the quest for
                  | the Orb.
     0 | D:5      | Reached XP level 1. HP: 11/11 MP: 2/2
    18 | D:6      | Noticed an iguana
    27 | D:5      | Found a staircase to the Ecumenical Temple.
    30 | Temple   | Entered the Ecumenical Temple
    34 | Temple   | Slain by a white imp

Illustrated notes

Levels and vault maps discovered:
D:5:      layout_gridville, nemelex_diamond_rough_becter,
          minmay_temple_entry_trees
D:6:      layout_cave_pools, chequers_temple_overflow_minitemple, minivault_10,
          st_stairs_11, hex_tiny, uniq_edmund
Temple:   grunt_temple_mini_profane

Action                     || total
---------------------------++-------
  Melee: Spear             ||     5
   Stab: Sleeping          ||     1
 Armour: Leather armour    ||     1
  Dodge: Dodged            ||     1

Table legend: (Time is in decaauts)
 A = Elapsed time spent in this place.
 B = Non-inter-level travel time spent in this place.
 C = Inter-level travel time spent in this place.
 D = Time resting spent in this place.
 E = Time spent auto-exploring this place.
 F = Levels seen in this place.
 G = Mean time per level.
                   A        B        C        D        E       F      G
               +--------+--------+--------+--------+--------+-----+--------+
         Total |     33 |     33 |      0 |      0 |      0 |   3 |   11.0 |
       Dungeon |     29 |     29 |      0 |      0 |      0 |   2 |   14.5 |
        Temple |      3 |      3 |      0 |      0 |      0 |   1 |    3.0 |
               +--------+--------+--------+--------+--------+-----+--------+

Top non-repeatable levels by time:
     D:6: 25 daAuts
     D:5: 3 daAuts
  Temple: 3 daAuts
